 Dungeon Crawl Stone Soup version 0.31-a0-167-g1c394c0614 (webtiles) character file.

Game seed: 9741090900484034040

76 frimble the Ruffian (level 4, -5/29 HPs)
             Began as an Octopode Warper on June 14, 2023.
             Slain by Natasha (10 damage)
             ... on level 2 of the Dungeon.
             The game lasted 00:01:10 (1184 turns).

frimble the Ruffian (Octopode Warper)               Turns: 1184, Time: 00:01:11

Health: -5/29      AC:  1    Str: 12    XL:     4   Next: 32%
Magic:  7/7        EV: 13    Int: 15    God:
Gold:   43         SH:  0    Dex: 11    Spells: 5/7 levels left

rFire   . .          .
                       - Unarmed
rCold   . . .        (no shield)
rNeg    . . .        (helmet restricted)
rPois   .            (no amulet)
rElec   .            (no ring)
rCorr   .            (no ring)
SInv    .            (no ring)
Will    .....        (no ring)
Stlth   ++           (no ring)
HPRegen 0.24/turn    (no ring)
MPRegen 0.10/turn    (no ring)
                     (no ring)

%: no passive effects
@: no status effects
A: almost no armour, amphibious, 8 rings, camouflage 1, gelatinous body 1,
(nimble swimmer 1), tentacles
a: no special abilities


You were on level 2 of the Dungeon.
You visited 1 branch of the dungeon, and saw 2 of its levels.

You collected 43 gold pieces.

Inventory:

Missiles
 b - 7 boomerangs of dispersal (quivered)
 f - a throwing net
Scrolls
 a - a scroll of blinking
 e - 2 scrolls of vulnerability
Potions
 c - a potion of heal wounds {unknown}
 d - a potion of curing {unknown}
 g - a potion of ambrosia {unknown}
 h - 2 potions of might {unknown}
 i - a potion of lignification {unknown}
 k - a potion of degeneration {unknown}


   Skills:
 - Level 2.0 Fighting
 - Level 1.0 Throwing
 - Level 2.3 Dodging
 + Level 4.4 Unarmed Combat
 - Level 2.0 Spellcasting
 - Level 3.0 Translocations


You had 5 spell levels left.
You knew the following spells:

 Your Spells              Type           Power      Damage    Failure   Level
a - Blink                 Tloc           20%        N/A       10%         2

Your spell library contained the following spells:

 Spells                   Type           Power      Damage    Failure   Level
 Lesser Beckoning         Tloc           20%        N/A       10%         2
 Teleport Other           Tloc           10%        N/A       19%         3
 Vhi's Electric Charge    Tloc/Air       12%        N/A       34%         3
 Manifold Assault         Tloc           10%        N/A       54%         4


Dungeon Overview and Level Annotations

Branches:
Dungeon (2/15)

Altars:

Annotations:
D:2 Natasha


Innate Abilities, Weirdness & Mutations

You cannot wear most types of armour.
You are amphibious.
You can wear up to eight rings at the same time.
Your skin changes colour to match your surroundings (Stealth+).
Your rubbery body absorbs attacks. (AC +1, EV +1)
((You are camouflaged when in or above water. (Stealth+)))
You have tentacles for arms and can constrict up to eight enemies at once.


Message History

You barely miss the jackal. You grab the jackal. You squeeze the jackal.
The jackal is almost dead.
You constrict the jackal.
You kill the jackal!
The goblin unwields a +0 club.
The goblin wields a +0 sling.
The goblin shoots a sling bullet.
The sling bullet misses you.
The goblin shoots a sling bullet.
The sling bullet hits you.
The goblin shoots a sling bullet.
The sling bullet barely misses you.
A bat comes into view.
The cerulean imp hits you from afar with a +0 spear.
The goblin unwields a +0 sling.
The goblin wields a +0 club.
The goblin misses you.
Items here: ( ) ††.
You tentacle-slap the goblin. Your grab misses the goblin.
The goblin is heavily wounded.
The cerulean imp hits you from afar with a +0 spear.
You closely miss the goblin. Your grab misses the goblin.
You tentacle-slap the goblin.
You kill the goblin!
The cerulean imp barely misses you.
You tentacle-slap Natasha but do no damage.
You grab Natasha.
Your tentacle-slap misses Natasha.
You constrict Natasha.
The cerulean imp hits you from afar with a +0 spear.
Natasha claws you!
* * * LOW HITPOINT WARNING * * *
You tentacle-slap Natasha but do no damage.
You squeeze Natasha.
Natasha is moderately wounded.
You constrict Natasha. The cerulean imp closely misses you. Natasha misses you.
You tentacle-slap Natasha. You squeeze Natasha, but do no damage.
Natasha is heavily wounded.
You constrict Natasha. Natasha claws you.
* * * LOW HITPOINT WARNING * * *
The cerulean imp closely misses you.
You tentacle-slap Natasha.
Natasha is severely wounded.
You constrict Natasha.
The cerulean imp disappears in a puff of smoke!
Natasha claws you!
You die...

..... .....
.....( ......
#...... ######
.......
#....####b......
#....')@hr......
#....####§###...
#....# .# #....#
.# ###... .#
#### ##


You could see Natasha, a bat and a rat.

Vanquished Creatures
  Jessica (D:2)
  A dart slug (D:1)
  2 ball pythons
  5 bats (D:1)
  4 endoplasms (D:2)
  A giant cockroach (D:1)
  5 goblins
  6 hobgoblins
  A jackal (D:2)
  5 kobolds
  5 quokkas (D:1)
  A frilled lizard (D:1)
  2 rats
39 creatures vanquished.

Notes
Turn   | Place    | Note
-------+----------+-------------------------------------------
     0 | D:1      | frimble the Octopode Warper began the quest for the Orb.
     0 | D:1      | Reached XP level 1. HP: 14/14 MP: 3/3
    46 | D:1      | Reached XP level 2. HP: 17/19 MP: 5/5
    63 | D:1      | Learned a level 2 spell: Blink
   237 | D:1      | Reached skill level 3 in Unarmed Combat
   515 | D:1      | Reached XP level 3. HP: 24/24 MP: 6/6
  1066 | D:2      | Noticed Jessica
  1069 | D:2      | Killed Jessica
  1070 | D:2      | Reached skill level 4 in Unarmed Combat
  1070 | D:2      | Reached XP level 4. HP: 19/29 MP: 7/7
  1164 | D:2      | Noticed Natasha
  1184 | D:2      | Slain by Natasha

Illustrated notes

Levels and vault maps discovered:
D:1:      minmay_arrival_doors, layout_basic,
          hangedman_abyss_or_decor_lesser_grid
D:2:      layout_basic, basic_altar, nicolae_shop_vocational, uniq_natasha,
          uniq_jessica, uniq_terence

Skill      XL: |  1  2  3 |
---------------+----------+-----
Unarmed Combat | 3 4 |  4.4
Fighting       | |  2.0
Throwing       | |  1.0
Dodging        | |  2.3
Spellcasting   | |  2.0
Translocations | |  3.0

Action                     |  1- 3 |  4- 6 || total
---------------------------+-------+-------++-------
  Melee: Unarmed           |    57 |    22 ||    79
         Tentacles         |     8 |     7 ||    15
         Constrict         |    14 |     3 ||    17
         Punch             |       |     3 ||     3
    Use: Scroll            |     1 |     1 ||     2
   Stab: Sleeping          |     8 |       ||     8
 Armour: Skin              |     2 |       ||     2
  Dodge: Dodged            |    28 |    14 ||    42

Table legend: (Time is in decaauts)
 A = Elapsed time spent in this place.
 B = Non-inter-level travel time spent in this place.
 C = Inter-level travel time spent in this place.
 D = Time resting spent in this place.
 E = Time spent auto-exploring this place.
 F = Levels seen in this place.
 G = Mean time per level.
                   A        B        C        D        E       F      G
               +--------+--------+--------+--------+--------+-----+--------+
         Total |   1178 |   1108 |     70 |      0 |    884 |   2 |  589.0 |
       Dungeon |   1178 |   1108 |     70 |      0 |    884 |   2 |  589.0 |
               +--------+--------+--------+--------+--------+-----+--------+

Top non-repeatable levels by time:
     D:1: 1043 daAuts
     D:2: 135 daAuts
